 Dungeon Crawl Stone Soup version 0.30.1-9-gdf580d7c3d (webtiles) character file.

Game seed: 2474274248908470643

91 CaptainMV the Chiller (level 4, -1/34 HPs)
             Began as a Draconian Ice Elementalist on Oct 2, 2023.
             Slain by a kobold
             ... wielding a +0 short sword
              (3 damage)
             ... on level 2 of the Dungeon.
             The game lasted 00:07:51 (1162 turns).

CaptainMV the Chiller (Draconian Ice Elementalist)  Turns: 1162, Time: 00:07:52

Health: -1/34      AC:  5    Str: 10    XL:     4   Next: 33%
Magic:  1/8        EV: 12    Int: 16    God:
Gold:   40         SH:  0    Dex: 13    Spells: 5/9 levels left

rFire   . . .        a - +0 dagger
rCold   . . .        (no shield)
rNeg    . . .        (body armour unavailable)
rPois   .            (helmet restricted)
rElec   .            (no cloak)
rCorr   .            (no gloves)
SInv    .            (no boots)
Will    .....        (no amulet)
Stlth   ++           b - +4 ring of slaying
HPRegen 0.25/turn    (no ring)
MPRegen 0.11/turn

%: no passive effects
@: no status effects
A: AC +5, unfitting armour, cold-blooded
a: no special abilities


You were on level 2 of the Dungeon.
You visited 1 branch of the dungeon, and saw 2 of its levels.

You collected 40 gold pieces.

Inventory:

Hand Weapons
 a - a +0 dagger (weapon)
 k - a +0 sling
Missiles
 h - 6 poisoned darts (quivered)
Jewellery
 b - a +4 ring of slaying (left hand)
Scrolls
 d - 3 scrolls of magic mapping
 i - a scroll of teleportation
 j - a scroll of fog {unknown}
Potions
 c - a potion of curing {unknown}
 e - a potion of lignification
 f - a potion of resistance {unknown}
 g - a potion of magic


   Skills:
 + Level 0.9 Fighting
 + Level 1.8 Dodging
 + Level 1.8 Stealth
 + Level 0.4 Unarmed Combat
 + Level 3.1 Spellcasting
 + Level 4.8 Ice Magic


You had 5 spell levels left.
You knew the following spells:

 Your Spells              Type           Power      Damage    Failure   Level
a - Freeze                Ice            72%        1d8       2%          1
b - Vhi's Electric Charg  Tloc/Air       4%         N/A       50%         3

Your spell library contained the following spells:

 Spells                   Type           Power      Damage    Failure   Level
 Frozen Ramparts          Ice            36%        1d6       8%          3
 Ozocubu's Armour         Ice            18%        N/A       8%          3
 Lesser Beckoning         Tloc           4%         N/A       28%         2
 Passwall                 Tmut/Erth      1%         N/A       28%         2
 Gell's Gravitas          Tloc           2%         N/A       50%         3
 Summon Ice Beast         Ice/Summ       10%        N/A       56%         4
 Dispersal                Tloc           1%         N/A       100%        6


Dungeon Overview and Level Annotations

Branches:
Dungeon (2/15)

Altars:
Fedhas

Shops:
D:1 :


Innate Abilities, Weirdness & Mutations

Your plain brown scales are hard. (AC +5)
You cannot fit into any form of body armour.
You are cold-blooded and may be slowed by cold attacks.


Message History

Aiming: Freeze (safe; 2% risk of failure)
Press: ? - help, Shift-Dir - straight line, f/p - gnoll
Aim: a gnoll, wielding a +0 club and quivering stones (heavily wounded)
You freeze the gnoll.
The gnoll is heavily wounded.
The gnoll closely misses you. x2
Casting: Freeze (safe; 2% risk of failure)
Confirm with . or Enter, or press ? or * to list all spells.
Aiming: Freeze (safe; 2% risk of failure)
Press: ? - help, Shift-Dir - straight line, f/p - gnoll
Aim: a gnoll, wielding a +0 club and quivering stones (heavily wounded)
You freeze the gnoll.
You kill the gnoll!
The gnoll hits you but does no damage.
Casting: Freeze (safe; 2% risk of failure)
Confirm with . or Enter, or press ? or * to list all spells.
Aiming: Freeze (safe; 2% risk of failure)
Press: ? - help, Shift-Dir - straight line, f - gnoll
Aim: a gnoll, wielding a +0 club You freeze the gnoll.
The gnoll is moderately wounded.
The gnoll hits you with a +0 club.
* * * LOW HITPOINT WARNING * * *
Casting: Freeze (safe; 2% risk of failure)
Confirm with . or Enter, or press ? or * to list all spells.
Aiming: Freeze (safe; 2% risk of failure)
Press: ? - help, Shift-Dir - straight line, f/p - gnoll
Aim: a gnoll, wielding a +0 club (moderately wounded)
You freeze the gnoll!
The gnoll is almost dead.
The gnoll hits you with a +0 club.
* * * LOW HITPOINT WARNING * * *
You hit the gnoll.
You kill the gnoll!
You start resting.
A kobold comes into view. It is wielding a +0 short sword.
You start resting.
A kobold is nearby!
The kobold hits you with a +0 short sword.
You die...

†..'.....†)...'...'........>...#
...##...#######.^.###.......##.#
...####.....#######
#..........## .### ##....'.###
######......# .# ##...#...####
##.....# ## #...##.....# #.._..#
#...##<...$# #.....#
######.....# #.....#
#.....#.@)## #...### #.....###K#
#.### #... . #.# #.# #.. .. #.##
#.# #. ##...#######.# .
.......#.....# .#.....##..#
.#.........# ....##..†##.##


You could see a kobold.

Vanquished Creatures
  3 gnolls (D:2)
  An adder (D:2)
  3 dart slugs (D:1)
  3 ball pythons
  2 bats
  3 endoplasms
  3 giant cockroaches
  3 goblins
  5 hobgoblins
  7 jackals (D:1)
  A kobold (D:2)
  4 quokkas
  A frilled lizard (D:2)
  2 rats (D:1)
41 creatures vanquished.

Notes
Turn   | Place    | Note
-------+----------+-------------------------------------------
     0 | D:1      | CaptainMV the Draconian Ice Elementalist began the quest
                  | for the Orb.
     0 | D:1      | Reached XP level 1. HP: 14/14 MP: 3/3
   294 | D:1      | Reached XP level 2. HP: 17/20 MP: 0/5
   407 | D:1      | Found Toulunt's Vocational Training.
   662 | D:1      | Reached XP level 3. HP: 26/26 MP: 2/6
   907 | D:2      | Found a blossoming altar of Fedhas.
  1083 | D:2      | Got the Octavo of the Gestalt and Portals
  1101 | D:2      | Learned a level 3 spell: Vhi's Electric Charge
  1151 | D:2      | Reached XP level 4. HP: 8/33 MP: 4/8
  1155 | D:2      | HP: 1/34 [gnoll/+0 club (4)]
  1162 | D:2      | Slain by a kobold

Illustrated notes

Levels and vault maps discovered:
D:1:      dpeg_arrival_erosion, layout_basic, nicolae_shop_vocational
D:2:      layout_basic, basic_altar

Skill      XL: |  1  2  3 |
---------------+----------+-----
Spellcasting   | 3 |  3.1
Fighting       | |  0.9
Dodging        | |  1.8
Stealth        | |  1.8
Unarmed Combat | |  0.4
Ice Magic      | |  4.8

Action                     |  1- 3 |  4- 6 || total
---------------------------+-------+-------++-------
  Melee: Unarmed           |    21 |       ||    21
         Tailslap          |     9 |       ||     9
         Dagger            |    23 |     1 ||    24
   Cast: Freeze            |    42 |     5 ||    47
         Vhi's Electric Ch |     1 |       ||     1
    Use: Scroll            |     6 |       ||     6
 Armour: Skin              |    18 |     1 ||    19
  Dodge: Dodged            |    52 |     4 ||    56
